 Dungeon Crawl Stone Soup version 0.21.1-1-g345015f (webtiles) character file.

21 Monsterracer the Firebug (level 2, 4/11 HPs)
             Began as a Felid Fire Elementalist on Feb 10, 2018.
             Quit the game on level 2 of the Dungeon.
             The game lasted 00:01:05 (1543 turns).

Monsterracer the Firebug (Felid Fire Elementalist)  Turns: 1543, Time: 00:01:05

Health: 4/11       AC:  1    Str:  4    XL:     2   Next: 62%
Magic:  0/6        EV: 18    Int: 21    God:
Gold:   119        SH:  0    Dex: 16    Spells: 4/5 levels left
                                        Lives:  0   Deaths: 0

rFire    . . .     SeeInvis +   (weapon unavailable)
rCold    . . .     Gourm    .   (shield unavailable)
rNeg     . . .     Faith    .   (armour unavailable)
rPois    .         Spirit   .   (helmet unavailable)
rElec    .         Reflect  .   (cloak unavailable)
rCorr    .         Harm     .   (gloves unavailable)
MR       .....                  (boots unavailable)
Stlth    ++........             (no amulet)
HPRegen  0.03/turn              (no ring)
MPRegen  0.10/turn              (no ring)

@: brilliant, lethally poisoned (4 -> -1), flying, very slightly contaminated,
quick
A: very small, no armour, no weapons or thrown items, stealth, claws 1, fangs 3,
see invisible, carnivore, speed 1, shaggy fur 1, slow metabolism 1, sharp paws
a: no special abilities


You were on level 2 of the Dungeon.
You were completely stuffed.

You visited 1 branch of the dungeon, and saw 2 of its levels.

You collected 119 gold pieces.

Inventory:

Scrolls
 b - 2 scrolls of identify {unknown}
 d - a scroll of fog {unknown}
 g - a scroll of teleportation {unknown}
 h - a scroll of remove curse {unknown}
Books
 a - a book of Flames

   Spells                             Type                      Level
   a - Flame Tongue                   Conjuration/Fire             1
   b - Throw Flame                    Conjuration/Fire             2
   c - Conjure Flame                  Conjuration/Fire             3
   d - Inner Flame                    Hexes/Fire                   3
   e - Sticky Flame                   Conjuration/Fire             4
   f - Fireball                       Conjuration/Fire             5
Comestibles
 c - 3 rations


   Skills:
 - Level 2.6 Dodging
 - Level 2.6 Stealth
 + Level 2.2 Spellcasting
 * Level 1.6 Conjurations
 * Level 3.1 Fire Magic


You had 4 spell levels left.
You knew the following spells:

 Your Spells              Type           Power        Failure   Level  Hunger
a - Flame Tongue          Conj/Fire      ###..        1%          1    #......


Dungeon Overview and Level Annotations

Branches:
Dungeon (2/15)

Altars:


Innate Abilities, Weirdness & Mutations

You cannot wear armour.
You are incapable of wielding weapons or throwing items.
Your paws allow you to move quietly. (Stealth)
You have sharp claws.
You have razor-sharp teeth.
You have supernaturally acute eyesight. (SInv)
You are carnivorous and can eat meat at any time.
You cover ground quickly.
You are covered in fur. (AC +1)
You have a slow metabolism.
Your sharp claws are effective at attacking unaware monsters.


Message History

The flame tongue hits the bat.
You kill the bat!
You now have 3/6 mp.
Casting: Flame Tongue
Confirm with . or Enter, or press ? or * to list all spells.
You can't see any susceptible monsters within range! (Use Z to cast anyway.) Unknown command.
Your magical contamination has completely faded away.
HP restored.
You see here a bat corpse.
h - a scroll labeled ITUD JICYNY Health restored: 11; MP restored: 6 You now have 119 gold pieces (gained 6).
Found 8 curare-tipped needles.
Eating one of 2 chunks of flesh.
You eat one of the 2 chunks of flesh.
This raw flesh tastes great.
Found a stone staircase leading down.
You see here 8 curare-tipped needles.
Found a stone staircase leading down.
i - an inky potion
c - 3 rations (gained 1)
An adder comes into view.
An adder is nearby!
An adder is nearby!
Casting: Flame Tongue
Confirm with . or Enter, or press ? or * to list all spells.
Aiming: Flame Tongue
Press: ? - help, Shift-Dir - straight line, f - adder
Aim: an adder (hasn't noticed you)
The flame tongue misses the adder.
The adder barely misses you.
All of the chunks of flesh in your inventory have rotted away.
You now have 5/6 mp.
Casting: Flame Tongue
Confirm with . or Enter, or press ? or * to list all spells.
Aiming: Flame Tongue
Press: ? - help, Shift-Dir - straight line, f/p - adder
Aim: an adder The flame tongue misses the adder.
The adder closely misses you.
You now have 4/6 mp.
Casting: Flame Tongue
Confirm with . or Enter, or press ? or * to list all spells.
Aiming: Flame Tongue
Press: ? - help, Shift-Dir - straight line, f/p - adder
Aim: an adder The flame tongue misses the adder.
The adder bites you but does no damage.
You now have 3/6 mp.
Casting: Flame Tongue
Confirm with . or Enter, or press ? or * to list all spells.
Aiming: Flame Tongue
Press: ? - help, Shift-Dir - straight line, f/p - adder
Aim: an adder The flame tongue misses the adder.
The adder closely misses you. The adder bites you.
You take 2 damage, and have 9/11 hp.
You now have 2/6 mp.
Casting: Flame Tongue
Confirm with . or Enter, or press ? or * to list all spells.
Aiming: Flame Tongue
Press: ? - help, Shift-Dir - straight line, f/p - adder
Aim: an adder The flame tongue hits the adder.
The adder is heavily wounded.
The adder misses you.
You now have 1/6 mp.
Casting: Flame Tongue
Confirm with . or Enter, or press ? or * to list all spells.
Aiming: Flame Tongue
Press: ? - help, Shift-Dir - straight line, f/p - adder
Aim: an adder (heavily wounded)
You miscast Flame Tongue.
You are very lightly contaminated with residual magic.
Nothing appears to happen.
The adder closely misses you.
You now have 0/6 mp.
An adder is nearby!
The adder misses you.
Casting: Flame Tongue
Confirm with . or Enter, or press ? or * to list all spells.
Aiming: Flame Tongue
Press: ? - help, Shift-Dir - straight line, f/p - adder
Aim: an adder (heavily wounded)
The flame tongue misses the adder.
The adder bites you.
You are lethally poisoned!
The adder poisons you!
You take 4 damage, and have 6/11 hp.
MASSIVE DAMAGE!!
You now have 0/6 mp.
* * * LOW HITPOINT WARNING * * *
You feel sick.
You take 1 damage, and have 5/11 hp.
It was a potion of flight.
You feel very buoyant.
You fly up into the air.
The adder barely misses you.
Unknown command.
It was a potion of brilliance.
You feel clever all of a sudden.
* * * LOW HITPOINT WARNING * * *
You feel sick. The adder misses you. The adder barely misses you.
You take 1 damage, and have 4/11 hp.
Are you sure you want to abandon this character and quit the game? (Confirm with "yes".)
Okay, then.
Unknown command.
Unknown command.
Are you sure you want to abandon this character and quit the game? (Confirm with "yes".)

########### ####
#......##.. ..#
#.####.##.# #.#
#.#.>..##.#####.####
#.#.#..##.##.......#
#.#.#..##.##.##.##.#
##......##.##.##.# #
#.........@S.....#
#.##.##.##########
#.##.##.#######
#.##.##........
#.##.##.>......
#.##.##........
#..............
######(###.......
#......# .......


You could see an adder.

Vanquished Creatures
  A worm (D:2)
  A leopard gecko (D:2)
  A giant cockroach (D:1)
  2 goblins (D:1)
  A hobgoblin (D:1)
  3 bats
  A frilled lizard (D:1)
  3 kobolds (D:1)
  5 rats (D:1)
18 creatures vanquished.

Notes
Turn   | Place    | Note
-------+----------+-------------------------------------------
     0 | D:1      | Monsterracer the Felid Fire Elementalist began the quest for the Orb.
     0 | D:1      | Reached XP level 1. HP: 7/7 MP: 4/4
   133 | D:1      | Reached skill level 1 in Conjurations
   380 | D:1      | Reached XP level 2. HP: 11/11 MP: 4/6
   498 | D:1      | Reached skill level 3 in Fire Magic
  1540 | D:2      | HP: 5/11 [poisoned by an adder]
  1543 | D:2      | Quit the game

Skill      XL: |  1  2 |
---------------+-------+-----
Conjurations   | 1 |  1.6
Fire Magic     | 3 |  3.1
Dodging        | |  2.6
Stealth        | |  2.6
Spellcasting   | |  2.2

Action                   || total
-------------------------++-------
 Cast: Flame Tongue      ||    35
  Use: Potion            ||     2
  Eat: Chunk             ||     9
Armor: Skin              ||     1
Dodge: Dodged            ||    17

Vault maps used:
D:1:      roderic_lyre
D:2:      chequers_ecumenical_altar_twisty, makhleb_blood_cavern_becter,
          uniq_robin
